 Dungeon Crawl Stone Soup version 0.22-a0-558-gc224181 (webtiles) character file.

35 Amnesiac the Magician (level 3, -1/24 HPs)
             Began as a Mummy Enchanter on June 27, 2018.
             Slain by a centaur (8 damage)
             ... on level 5 of the Dungeon.
             The game lasted 00:05:47 (1677 turns).

Amnesiac the Magician (Mummy Enchanter)             Turns: 1677, Time: 00:05:47

Health: -1/24      AC:  3    Str: 11    XL:     3   Next: 17%
Magic:  2/8        EV: 12    Int: 15    God:
Gold:   74         SH:  0    Dex: 12    Spells: 1/9 levels left

rFire    x . .     SeeInvis .   a - +1 dagger
rCold    + . .     Gourm    .   (no shield)
rNeg     + + +     Faith    .   b - +1 robe
rPois    ∞         Spirit   .   (no helmet)
rElec    .         Reflect  .   (no cloak)
rCorr    .         Harm     .   (no gloves)
MR       .....                  (no boots)
Stlth    ++........             (no amulet)
HPRegen  0.08/turn              (no ring)
MPRegen  0.11/turn              (no ring)

@: no status effects
A: no food or potions, fire vulnerability, cold resistance 1, negative energy
resistance 3, torment resistance, unbreathing
a: no special abilities


You were on level 5 of the Dungeon.
You were not hungry.

You visited 1 branch of the dungeon, and saw 5 of its levels.

You collected 74 gold pieces.

Inventory:

Hand Weapons
 a - a +1 dagger (weapon)
 d - a +0 short sword of flaming
Armour
 b - a +1 robe (worn)
Wands
 e - a wand of flame (19)
Scrolls
 c - a scroll of amnesia {!r}


   Skills:
 - Level 0.7 Short Blades
 - Level 1.5 Dodging
 - Level 2.4 Stealth
 + Level 3.7 Spellcasting
 * Level 3.3 Hexes


You had one spell level left.
You knew the following spells:

 Your Spells              Type           Power        Failure   Level  Hunger
a - Ensorcelled Hibernat  Hex/Ice        #.....       14%         2    N/A
e - Confuse               Hex            ##......     14%         3    N/A
w - Tukima's Dance        Hex            ##......     14%         3    N/A

Your spell library contained the following spells:

 Spells                   Type           Power        Failure   Level  Hunger
 Corona                   Hex            ##.....      4%          1    N/A
 Dazzling Spray           Conj/Hex       #.....       28%         3    N/A

Dungeon Overview and Level Annotations

Branches:
Dungeon (5/15)
 Temple: D:4-7

Altars:
Cheibriados
The Shining One

Shops:
D:4 }

Annotations:
D:3 Terence
D:4 1 runed door, wazuzu's ghost, amateur DsEE
D:5 Eustachio


Innate Abilities, Weirdness & Mutations

You do not eat or drink.
Your flesh is vulnerable to fire.
You are immune to poison.
Your flesh is cold resistant. (rC+)
You are immune to negative energy. (rN+++)
You are immune to unholy pain and torment.
You can survive without breathing.


Message History

The jackal is almost dead.
The jackal bites you.
* * * LOW HITPOINT WARNING * * *
You hit the jackal but do no damage.
The jackal is almost dead.
The jackal bites you but does no damage.
The jackal barely misses you.
You hit the jackal.
You kill the jackal!
You start resting.
Your magical contamination has completely faded away.
You start resting.
Magic restored.
You start resting.
Magic restored.
You start resting.
HP restored.
You start resting.
HP restored.
There is a stone staircase leading up here.
You see here a jackal skeleton.
A jackal comes into view.
The jackal barks!
Casting: Ensorcelled Hibernation (safe; 14% risk of failure)
Confirm with . or Enter, or press ? or * to list all spells.
Aiming: Ensorcelled Hibernation (safe; 14% risk of failure)
Press: ? - help, Shift-Dir - straight line, f - jackal
Aim: a jackal (chance to defeat MR: 56%)
The jackal looks drowsy...
A jackal comes into view.
The helpless jackal fails to defend itself.
You puncture the jackal!
You kill the jackal!
The jackal misses you.
Casting: Ensorcelled Hibernation (safe; 14% risk of failure)
Confirm with . or Enter, or press ? or * to list all spells.
Aiming: Ensorcelled Hibernation (safe; 14% risk of failure)
Press: ? - help, Shift-Dir - straight line, f - jackal
Aim: a jackal (chance to defeat MR: 56%)
The jackal looks drowsy...
A centaur comes into view.
The helpless jackal fails to defend itself.
You puncture the jackal!
You kill the jackal!
The centaur shouts!
The centaur wields a shortbow.
The centaur shoots an arrow.
The arrow hits you.
The centaur unwields an uncursed shortbow.
The centaur hits you!
Casting: Ensorcelled Hibernation (safe; 14% risk of failure)
Confirm with . or Enter, or press ? or * to list all spells.
Aiming: Ensorcelled Hibernation (safe; 14% risk of failure)
Press: ? - help, Shift-Dir - straight line, f - centaur
Aim: a centaur (chance to defeat MR: 38%)
The centaur looks drowsy...
Unknown command.
The helpless centaur fails to defend itself.
You hit the centaur.
The centaur is moderately wounded.
The centaur hits you!
* * * LOW HITPOINT WARNING * * *
You hit the centaur.
The centaur is moderately wounded.
The centaur hits you!
You die...

.. .. ..
##. ..
#.. .#
#.# .#
#.# .#
#.# .#
#<####c#
#....@.#
#.######
#.. ###


You could see a centaur.

Vanquished Creatures
  An adder (D:4)
  2 dart slugs (D:3)
  A leopard gecko (D:4)
  An orc (D:3)
  2 giant cockroaches
  2 goblins
  3 jackals (D:5)
  A ball python (D:3)
  2 bats (D:2)
  2 kobolds
  5 rats
22 creatures vanquished.

Notes
Turn   | Place    | Note
-------+----------+-------------------------------------------
     0 | D:1      | Amnesiac the Mummy Enchanter began the quest for the Orb.
     0 | D:1      | Reached XP level 1. HP: 13/13 MP: 4/4
   278 | D:4      | Noticed an orc wizard
   278 | D:4      | Noticed an orc priest
   278 | D:4      | Noticed an orc wizard
   334 | D:4      | Found a runed door.
   338 | D:4      | Reached XP level 2. HP: 19/19 MP: 6/6
   367 | D:4      | Noticed wazuzu's ghost (amateur DsEE)
   381 | D:4      | Found Naont's Gadget Boutique.
   515 | D:4      | Found a snail-covered altar of Cheibriados.
   996 | D:3      | Learned a level 2 spell: Ensorcelled Hibernation
  1045 | D:3      | Noticed Terence
  1110 | D:5      | Entered Level 5 of the Dungeon
  1110 | D:5      | Noticed Eustachio
  1111 | D:5      | Noticed an ogre
  1120 | D:4      | Reached XP level 3. HP: 24/24 MP: 5/8
  1321 | D:4      | Found a glowing golden altar of the Shining One.
  1333 | D:4      | Learned a level 3 spell: Confuse
  1337 | D:4      | Learned a level 3 spell: Tukima's Dance
  1376 | D:5      | HP: 1/24 [jackal (1)]
  1672 | D:5      | Noticed a centaur
  1677 | D:5      | Slain by a centaur

Vault maps used:
D:1:      ebering_hopf_link
D:2:      uniq_sigmund
D:3:      overflow_temple_1_default, first_ration, uniq_terence
D:4:      cheibriados_altar_1, gammafunk_ghost_grave, serial_shops,
          kennysheep_mini, tso_metal_star
D:5:      ebering_ghost_sewer_f, uniq_eustachio, uniq_pikel

Skill      XL: |  1 |
---------------+----+-----
Hexes          | 3 |  3.3
Spellcasting   | 3 |  3.7
Short Blades   | |  0.7
Dodging        | |  1.5
Stealth        | |  2.4

Action                   || total
-------------------------++-------
Melee: Dagger            ||    65
 Cast: Corona            ||     5
       Ensorcelled Hiber ||     9
       Confuse           ||     1
  Use: Scroll            ||     3
 Stab: Sleeping          ||     9
Armor: Robe              ||    10
Dodge: Dodged            ||    41

Table legend:
 A = Spawn XP
 B = Non-spawn XP
 C = Spawn XP percentage of total XP
 D = Spawn monster count
 E = Non-spawn monster count
 F = Spawn count percentage of total count
 G = Total turns spent on level
                    A         B        C        D         E        F      G
               +---------+---------+-------+---------+---------+-------+---------
         Total |       0 |      51 |   0.0 |       0 |      22 |   0.0 |  1677
               +---------+---------+-------+---------+---------+-------+---------
           D:1 |       0 |       5 |   0.0 |       0 |       3 |   0.0 |   152
           D:2 |       0 |       5 |   0.0 |       0 |       4 |   0.0 |    85
           D:3 |       0 |      18 |   0.0 |       0 |       9 |   0.0 |   501
           D:4 |       0 |      17 |   0.0 |       0 |       3 |   0.0 |   629
           D:5 |       0 |       6 |   0.0 |       0 |       3 |   0.0 |   310
               +---------+---------+-------+---------+---------+-------+---------
